 Dungeon Sprint DCSS version 0.23.2-1-ga50397a6bc (webtiles) character file.

Game seed: 1777978681361140362

451 Kobolds4U the Spry (level 6, 0/30 HPs)
             Began as a Spriggan Assassin on May 22, 2019.
             Was an Initiate of Dithmenos.
             Succumbed to Sonja's curare-tipped needle
             ... in the Dungeon (Sprint I: "Red Sonja").
             The game lasted 00:01:47 (99 turns).

Kobolds4U the Spry (Spriggan Assassin)                Turns: 99, Time: 00:01:48

Health: 0/30       AC:  3    Str:  7    XL:     6   Next: 75%
Magic:  7/7        EV: 32    Int: 12    God:    Dithmenos [......]
Gold:   230        SH:  0    Dex: 20    Spells: 5/5 levels left

rFire    . . .     SeeInvis +   a - +2 dagger
rCold    . . .     Gourm    .   (shield restricted)
rNeg     . . .     Faith    .   c - +0 robe
rPois    .         Spirit   .   (helmet restricted)
rElec    .         Reflect  .   d - +0 cloak
rCorr    .         Harm     .   (gloves unavailable)
MR       +....     NoTele   +   (boots unavailable)
Stlth    ++++++....             (no amulet)
HPRegen  0.10/turn              (no ring)
MPRegen  0.10/turn              (no ring)

@: lethally poisoned (0 -> -32), slowed, quick
A: very small, unfitting armour, see invisible, herbivore, speed 3, slow
metabolism 2
a: Renounce Religion


You were in the Dungeon.
You worshipped Dithmenos.
Dithmenos was noncommittal.
You were not hungry.

You visited 1 branch You collected 305 gold pieces.
You spent 75 gold pieces at shops.

Inventory:

Hand Weapons
 a - a +2 dagger (weapon)
 b - a +0 blowgun
Missiles
 e - 8 poisoned needles
 f - 2 curare-tipped needles
Armour
 c - a +0 robe (worn)
 d - a +0 cloak (worn)
Wands
 n - a wand of digging (7)
Scrolls
 m - 2 scrolls of blinking
Potions
 h - a potion of curing
 i - a potion of heal wounds
 j - a potion of haste
 k - 2 potions of magic
 l - a potion of berserk rage
 o - a potion of brilliance {unknown}
Comestibles
 g - a ration


   Skills:
 - Level 1.5 Fighting
 - Level 2.1 Short Blades
 + Level 2.0 Throwing
 + Level 15.2 Dodging
 - Level 14.4 Stealth
 + Level 0.0 Invocations


You had 5 spell levels left.
You didn't know any spells.
Your spell library was empty.

Dungeon Overview and Level Annotations

Branches:
Dungeon (1/1)

Altars:
Cheibriados
Dithmenos
Elyvilon
Fedhas
Gozag
Hepliaklqana
Kikubaaqudgha
Nemelex Xobeh
Okawaru
Qazlal
Ru
Sif Muna
Trog
Uskayaw
Vehumet
Wu Jian
Yredelemnul
Zin
The Shining One

Shops:
D ?

Annotations:
D Sonja


Innate Abilities, Weirdness & Mutations

You are very small and have problems with some larger weapons.
You are too small for most types of armour.
You have supernaturally acute eyesight. (SInv)
You are a herbivore.
You cover ground extremely quickly.
You need to consume almost no food.


Message History

Sonja shoots a curare-tipped needle.
The curare-tipped needle completely misses you.
There is an open door here.
You feel sick.
Sonja shoots a curare-tipped needle.
The curare-tipped needle barely misses you.
Sonja shoots a curare-tipped needle.
The curare-tipped needle misses you.
Unknown command.
You feel sick.
You see here 3 curare-tipped needles.
You feel sick.
Sonja shoots a curare-tipped needle.
The curare-tipped needle completely misses you.
There is an ornate altar of the Wu Jian Council here.
You feel sick.
Sonja shoots a curare-tipped needle.
The curare-tipped needle hits you.
You are more poisoned.
You have difficulty breathing.
* * * LOW HITPOINT WARNING * * *
You feel yourself slow down.
You see here a curare-tipped needle.
You die...

################
#<.#.['..#.)'..#
#..'..#.)'..#..+
#..#####'#####'#
#..####..#...#@#
#..#__####..##(#
#..#_____##'#_.+
#⌠⌠#_.∩..†'.(._#
####_..__##_.#'#
#_____###K#.#
####### #.###
+$.$+ #$.$#


You could see Sonja.

Vanquished Creatures
  Sigmund (D)
  A yak (D)
  An ogre (D)
  A jelly (D)
  Ijyb (D)
5 creatures vanquished.

Vanquished Creatures (others)
  A gargoyle (D)
1 creature vanquished.

Grand Total: 6 creatures vanquished

Notes
Turn   | Place    | Note
-------+----------+-------------------------------------------
     0 | D        | Kobolds4U the Spriggan Assassin began the quest for the
                  | Orb.
     0 | D        | Reached XP level 1. HP: 10/10 MP: 2/2
     1 | D        | Noticed Ijyb
     4 | D        | Killed Ijyb
     4 | D        | Reached skill level 10 in Stealth
     4 | D        | Reached XP level 2. HP: 14/14 MP: 3/3
     7 | D        | Noticed an ogre
    10 | D        | Killed an ogre
    10 | D        | Reached XP level 3. HP: 18/18 MP: 4/4
    10 | D        | Reached XP level 4. HP: 22/22 MP: 5/5
    20 | D        | Noticed Sigmund
    23 | D        | Killed Sigmund
    23 | D        | Reached skill level 12 in Dodging
    23 | D        | Reached XP level 5. HP: 25/25 MP: 6/6
    23 | D        | Reached XP level 6. HP: 30/30 MP: 7/7
    35 | D        | Found an ornate altar of the Wu Jian Council.
    35 | D        | Found a deep blue altar of Sif Muna.
    37 | D        | Found a radiant altar of Vehumet.
    67 | D        | Found Riec's Magic Scroll Emporium.
    67 | D        | Found an ancient bone altar of Kikubaaqudgha.
    67 | D        | Found a hazy altar of Hepliaklqana.
    67 | D        | Found a hide-covered altar of Uskayaw.
    67 | D        | Found a basalt altar of Yredelemnul.
    67 | D        | Found an opulent altar of Gozag.
    67 | D        | Found a snail-covered altar of Cheibriados.
    67 | D        | Found a sacrificial altar of Ru.
    67 | D        | Found a shadowy altar of Dithmenos.
    67 | D        | Noticed a yak
    68 | D        | Found a stormy altar of Qazlal.
    68 | D        | Found a blossoming altar of Fedhas.
    68 | D        | Found a bloodstained altar of Trog.
    68 | D        | Found an iron altar of Okawaru.
    68 | D        | Found a glowing golden altar of the Shining One.
    68 | D        | Found a glowing silver altar of Zin.
    68 | D        | Found a white marble altar of Elyvilon.
    69 | D        | Killed a yak
    69 | D        | Reached skill level 15 in Dodging
    70 | D        | Found a sparkling altar of Nemelex Xobeh.
    74 | D        | Bought a scroll of blinking for 75 gold pieces
    74 | D        | Killed a gargoyle
    76 | D        | Became a worshipper of Dithmenos the Shadowed
    86 | D        | Noticed Sonja
    99 | D        | Succumbed to Sonja's curare-tipped needle

Skill      XL: |  1  2  3  4  5  6 |
---------------+-------------------+-----
Stealth        | 10 14 | 14.4
Dodging        | 12 15 | 15.2
Fighting       | |  1.5
Short Blades   | |  2.1
Throwing       | |  2.0

Action                   |  1- 3 |  4- 6 || total
-------------------------+-------+-------++-------
Melee: Dagger            |     2 |     8 ||    10
 Stab: Sleeping          |     2 |     3 ||     5
Armor: Robe              |       |     1 ||     1
Dodge: Dodged            |       |    24 ||    24
